 Dungeon Crawl Stone Soup version 0.20-a0-837-g0f21a4d (webtiles) character file.

33635 M4edhros the Blocker (level 14, -2/108 HPs)
             Began as a Formicid Air Elementalist on Mar 8, 2017.
             Was the Champion of Dithmenos.
             Slain by an elephant (9 damage)
             ... on level 4 of the Lair of Beasts.
             The game lasted 00:49:57 (17393 turns).

M4edhros the Blocker (Formicid Air Elementalist)   Turns: 17393, Time: 00:49:57

Health: -2/108     AC:  7    Str: 13      XL:     14   Next: 9%
Magic:  11/26      EV:  2    Int: 14      God:    Dithmenos [******]
Gold:   1079       SH:  0    Dex: 12 (13) Spells: 16/29 levels left

rFire    + + +     SeeInvis +   w - +6 war axe of the King {freeze, rF+}
rCold    . . .     Gourm    .   V - +1 leather armour of Indecent Exposure {*Slow rF+++ MR++} (curse)
rNeg     + + +     Faith    .   J - +10 large shield of Ignorance {rN+ Int-4}
rPois    ∞         Spirit   .   (helmet unavailable)
rElec    .         Reflect  .   n - +2 cloak
rCorr    .         Harm     .   (no gloves)
MR       ++++.                  (no boots)
Stlth    +++.......             (no amulet)
Regen    0.3/turn               (no ring)
MPRegen  0.2/turn               i - ring of flight

@: lethally poisoned (-2 -> -2), petrified, starving, wreathed by umbra
A: permanent stasis, dig shafts and tunnels, four strong arms, antennae 3, large
bone plates 1, deterioration 1, magic resistance 1, robust 1
a: Dig, Shaft Self, Shadow Step, Shadow Form, Renounce Religion, Evoke Flight


You were on level 4 of the Lair of Beasts.
You worshipped Dithmenos.
Dithmenos was exalted by your worship.
You were starving.

You visited 4 branches of the dungeon, and saw 18 of its levels.
You also visited: Ossuary.

You collected 1079 gold pieces.

Inventory:

Hand Weapons
 e - a +2 dagger of freezing
 f - a +1 shortbow of velocity
 t - a +2 halberd of venom
 v - a +4 hunting sling of flaming
 w - the +6 war axe of the King (weapon) {freeze, rF+}
   (You found it on level 6 of the Dungeon)

   It has been specially enchanted to freeze those struck by it, causing extra
   injury to most foes and up to half again as much damage against particularly
   susceptible opponents.
   It can also slow down cold-blooded creatures.
   It protects you from fire.
 I - a cursed +1 great sword
Missiles
 g - 223 arrows
 q - 464 stones (quivered)
 r - 260 sling bullets
Armour
 a - a +0 robe
 j - a +0 leather armour of cold resistance
 l - a +0 cloak
 n - a +2 cloak (worn)
 C - a +1 troll leather armour
 J - the +10 large shield of Ignorance (worn) {rN+ Int-4}
   (You found it on level 10 of the Dungeon)

   It affects your intelligence (-4).
   It protects you from negative energy.
 N - a scarf of cold resistance
 V - the cursed +1 leather armour of Indecent Exposure (worn) {*Slow rF+++ MR++}
   (You found it on level 3 of the Lair of Beasts)

   It renders you almost immune to fire.
   It affects your resistance to hostile enchantments.
   It may slow you when you take damage.
   It has a curse placed upon it.
Magical Staves
 O - an uncursed staff of death
Jewellery
 i - a ring of flight (left hand)
Wands
 h - a wand of polymorph (1/24)
 m - a wand of digging (19/24)
 u - a wand of acid (0/15)
 x - a wand of scattershot (0/9)
 A - a wand of paralysis (0/24)
 F - a wand of confusion (14/48)
 G - a wand of disintegration (12/24)
 S - a wand of confusion (30/48)
 T - a wand of digging (10/24)
Scrolls
 d - a scroll of recharging
 p - 3 scrolls of remove curse
 E - a scroll of magic mapping
 K - 2 scrolls of identify
 P - a scroll of fog {unknown}
 Q - a scroll of enchant armour
 U - 2 scrolls of silence {unknown}
Potions
 o - 2 potions of brilliance
 z - a potion of mutation
 B - a potion of magic
 D - a potion of cancellation
 L - 3 potions of curing
Books
 b - a book of Air

   Spells                             Type                      Level
   a - Shock                          Conjuration/Air              1
   b - Swiftness                      Charms/Air                   2
   c - Static Discharge               Conjuration/Air              3
   d - Airstrike                      Air                          4
   e - Lightning Bolt                 Conjuration/Air              5
 y - a book of Cantrips

   Spells                             Type                      Level
   a - Confusing Touch                Hexes                        1
   b - Animate Skeleton               Necromancy                   1
   c - Summon Small Mammal            Summoning                    1
   d - Apportation                    Translocation                1
Comestibles
 c - 7 bread rations
 k - 15 fruits
 s - 6 meat rations
 H - 10 royal jellies


   Skills:
 - Level 5.9 Fighting
 - Level 8.5 Slings
 - Level 8.4 Dodging
 - Level 2.4 Stealth
 * Level 14.4 Shields
 - Level 8.0 Spellcasting
 - Level 8.0 Conjurations
 - Level 8.1 Air Magic


You had 16 spell levels left.
You knew the following spells:

 Your Spells              Type           Power        Failure   Level  Hunger
a - Shock                 Conj/Air       ####         1%          1    None
b - Static Discharge      Conj/Air       ####....     1%          3    ##.....
c - Swiftness             Chrm/Air       ###.....     6%          2    None
d - Lightning Bolt        Conj/Air       ####......   21%         5    #####..
e - Animate Skeleton      Necr           N/A          21%         1    None
f - Apportation           Tloc           #.....       21%         1    None


Dungeon Overview and Level Annotations

Branches:
Dungeon (12/15)            Temple (1/1) D:7            Lair (4/6) D:8
  Swamp (0/4) Lair:3        Snake (0/4) Lair:3          Orc (1/2) D:11

Altars:
Ashenzari
Cheibriados
Dithmenos
Elyvilon
Fedhas
Gozag
Hepliaklqana
Kikubaaqudgha
Makhleb
Nemelex Xobeh
Okawaru
Qazlal
Ru
Sif Muna
Trog
Uskayaw
Vehumet
Wu Jian
Xom
Yredelemnul
Zin
The Shining One

Shops:
D:4 %   D:5 *   D:6 :

Portals:
Trove: D:11 (give 16 potions of curing)

Annotations:
D:10 1 runed door, exclusion: orange crystal statue
D:12 M4edhros's ghost, journeyman TeAE


Innate Abilities, Weirdness & Mutations

You cannot be hasted, slowed, berserked, paralysed or teleported.
You can dig through walls and to a lower floor.
Your four strong arms can wield two-handed weapons with a shield.
You have a pair of large antennae on your head. (SInv)
You are partially covered in large bone plates. (SH +4)
Your body sometimes deteriorates upon taking damage.
You are resistant to hostile enchantments. (MR+)
You are robust. (+10% HP)


Message History

You are engulfed in calcifying dust.
Your limbs have turned to stone.
The blink frog gives a loud, deep croak!
The elephant is no longer petrified.
The water moccasin bites you!
* * * LOW HITPOINT WARNING * * *
You are poisoned.
The water moccasin poisons you!
The elephant is engulfed in calcifying dust. x2
The elephant is moving more slowly.
The elephant tramples you!
* * * LOW HITPOINT WARNING * * *
You hold your ground!
The elephant trunk-slaps you but does no damage.
The water moccasin closely misses you. The elephant barely misses you. x2
The elephant is engulfed in calcifying dust.
You have turned to stone.
The blink frog gives a loud, deep croak!
The blink frog blinks!
The water moccasin bites you but does no damage.
The elephant is engulfed in calcifying dust.
The elephant stops moving altogether!
The elephant tramples you!!
You die...

#... ..... #.... . ..
#....#. ..[##.....###### .
.P.#.P.....#@##F##....
...............SYYYY......P
................S....{{.[..
.......<.......†.....Y.....
...............####..F.....
...............# #....F...
..P............#....#......
...P...P..≈..≈..#...P.....Y
...###...#.†≈≈≈≈..........


You could see a catoblepas, 3 elephants, 2 blink frogs and 2 water moccasins.

Vanquished Creatures
  The ghost of luab the Severer, a journeyman MiFi of Okawaru (Lair:3)
  A great orb of eyes (D:12)
  A hydra (Lair:3)
  2 two-headed ogres (D:9)
  Erica (Lair:1)
  The ghost of M4edhros the Gusty, a novice FoAE of Dithmenos (D:7)
  An unseen horror (D:11)
  Pikel (D:8)
  An orc sorcerer (Orc:1)
  An elephant (Lair:3)
  2 black mambas
  6 centaur zombies
  Joseph (D:7)
  6 spiny frogs
  6 komodo dragons
  A rime drake (Lair:1)
  2 hellwings (D:7)
  A troll (D:9)
  A queen bee (D:10)
  A hornet (D:10)
  12 blink frogs
  Prince Ribbit (Lair:2)
  A slime creature (D:12)
  7 hippogriffs
  Sigmund (D:3)
  20 yaks
  A wyvern (D:9)
  A wraith (D:11)
  A steam dragon (D:9)
  2 hungry ghosts
  4 basilisks (Lair:3)
  3 vampire mosquitoes (D:12)
  Menkaure (D:7)
  4 wargs
  2 nagas (Lair:3)
  4 water moccasins
  5 porcupines
  9 orc warriors
  4 black bears
  A hornet zombie (D:7)
  5 ogres
  3 slaves (D:8)
  6 ice beasts
  3 centaurs
  4 phantoms
  6 wolves (Lair:2)
  8 crocodiles
  A big kobold (D:6)
  12 bullfrogs
  A wyvern zombie (D:7)
  A wyvern skeleton (D:7)
  4 scorpions
  14 killer bees
  9 wights
  2 howler monkeys (D:9)
  6 crimson imps
  2 bullfrog zombies
  A quasit (D:8)
  16 orc priests
  9 hounds
  12 orc wizards
  2 bullfrog skeletons
  5 centaur skeletons
  3 jellies
  6 iguanas
  5 worker ants
  A hound zombie (D:11)
  A hound skeleton (D:5)
  A howler monkey skeleton (D:9)
  2 worker ant zombies
  4 gnolls
  13 adders
  7 shadow imps
  3 oozes
  An adder zombie (D:9)
  3 adder skeletons
  2 worms
  5 dart slugs
  7 leopard geckos
  71 orcs
  4 ball pythons
  5 giant cockroaches
  5 goblins
  13 hobgoblins
  13 jackals
  10 kobolds
  5 quokkas
  11 bats
  8 frilled lizards
  A quokka skeleton (D:3)
  2 quokka zombies (D:7)
  19 rats
  A fungus (Lair:1)
486 creatures vanquished.

Vanquished Creatures (others)
  2 hounds (D:10)
  A quokka (D:10)
  3 bushes (Lair:3)
  A fungus (Lair:3)
  8 plants
  2 withered plants (D:7)
17 creatures vanquished.

Grand Total: 503 creatures vanquished

Notes
Turn   | Place    | Note
-------+----------+-------------------------------------------
     0 | D:1      | M4edhros the Formicid Air Elementalist began the quest for the Orb.
     0 | D:1      | Reached XP level 1. HP: 13/13 MP: 3/3
     2 | D:1      | Reached skill level 1 in Conjurations
    73 | D:1      | Reached XP level 2. HP: 8/19 MP: 1/5
   461 | D:1      | Reached XP level 3. HP: 7/24 MP: 0/6
  1260 | D:2      | Reached XP level 4. HP: 24/30 MP: 1/7
  1938 | D:4      | Found Yreoca's Food Boutique.
  2091 | D:4      | Reached XP level 5. HP: 35/35 MP: 4/8
  2519 | D:4      | Reached XP level 6. HP: 24/41 MP: 2/9
  2642 | D:4      | Found a white marble altar of Elyvilon.
  2716 | D:4      | Found a basalt altar of Yredelemnul.
  3043 | D:4      | Got a glittering golden ring
  3103 | D:4      | Identified the cursed ring "Pijint" {rF- MR+ Str+4 Slay-2} (You found it on level 4 of the Dungeon)
  3238 | D:5      | Entered Level 5 of the Dungeon
  3246 | D:5      | Noticed a water elemental
  3251 | D:5      | Found a stormy altar of Qazlal.
  3255 | D:5      | Noticed a fire elemental
  3255 | D:5      | Noticed an air elemental
  3301 | D:5      | Found Souxkiub's General Store.
  3330 | D:5      | Found a hazy altar of Hepliaklqana.
  3365 | D:5      | Gained mutation: You are weak. (Str -2) [potion of mutation]
  3365 | D:5      | Gained mutation: You have a somewhat thin skeletal structure. (Dex +2, Stealth) [potion of mutation]
  3365 | D:5      | Gained mutation: Scrolls take you a little longer to read. [potion of mutation]
  3365 | D:5      | Lost mutation: You are weak. (Str -2) [potion of mutation]
  3374 | D:5      | Reached XP level 7. HP: 16/46 MP: 3/10
  3720 | D:5      | Lost mutation: Scrolls take you a little longer to read. [potion of mutation]
  3720 | D:5      | Lost mutation: You have a somewhat thin skeletal structure. (Dex +2, Stealth) [potion of mutation]
  3720 | D:5      | Gained mutation: You have large cloven feet. [potion of mutation]
  3720 | D:5      | Gained mutation: Your flesh is cold resistant. (rC+) [potion of mutation]
  3908 | D:5      | Reached skill level 5 in Air Magic
  4187 | D:5      | Reached skill level 5 in Conjurations
  4282 | D:5      | Reached XP level 8. HP: 49/52 MP: 4/11
  4546 | D:5      | Found a burning altar of Makhleb.
  4546 | D:5      | Noticed an Executioner
  5602 | D:5      | Reached skill level 5 in Dodging
  5701 | D:6      | Got an ancient war axe {freeze}
  5702 | D:6      | Identified the +6 war axe of the King {freeze, rF+} (You found it on level 6 of the Dungeon)
  5877 | D:6      | Found Sununt's Book Shop.
  5913 | D:6      | Reached XP level 9. HP: 55/57 MP: 6/12
  5925 | D:6      | Noticed Blork the orc
  5931 | D:6      | Noticed Blork
  5931 | D:6      | Blork the orc changed into Blork the bullfrog
  5936 | D:6      | Killed Blork the bullfrog
  6399 | D:7      | Learned a level 3 spell: Static Discharge
  6402 | D:7      | Learned a level 2 spell: Swiftness
  6419 | D:7      | Noticed M4edhros's ghost (novice FoAE)
  6436 | D:7      | Killed M4edhros's ghost
  6456 | D:7      | Noticed Menkaure
  6466 | D:7      | Killed Menkaure
  6471 | D:7      | Found a sand-covered staircase.
  6483 | Ossuary  | Entered an ossuary
  6485 | Ossuary  | Noticed Apachew's ghost (amateur VSBe)
  6642 | D:7      | Found a snail-covered altar of Cheibriados.
  6664 | D:7      | Reached skill level 1 in Fighting
  6854 | D:7      | Reached XP level 10. HP: 65/65 MP: 12/14
  7113 | D:7      | Found a deep blue altar of Sif Muna.
  7326 | D:7      | Found a staircase to the Ecumenical Temple.
  7331 | Temple   | Entered the Ecumenical Temple
  7373 | Temple   | Became a worshipper of Dithmenos the Shadowed
  8504 | D:3      | Found a snail-covered altar of Cheibriados.
  8903 | D:3      | Reached * piety under Dithmenos
  8978 | D:3      | Noticed Sigmund
  8990 | D:3      | Killed Sigmund
  8996 | D:3      | Lost mutation: Your flesh is cold resistant. (rC+) [potion of mutation]
  8996 | D:3      | Lost mutation: You have large cloven feet. [potion of mutation]
  8996 | D:3      | Gained mutation: You are partially covered in large bone plates. (SH +4) [potion of mutation]
  8996 | D:3      | Gained mutation: You are resistant to hostile enchantments. (MR+) [potion of mutation]
  8996 | D:3      | Gained mutation: Your body sometimes deteriorates upon taking damage. [potion of mutation]
  8996 | D:3      | Gained mutation: You are robust. (+10% HP) [potion of mutation]
  8998 | D:3      | Found an ornate altar of the Wu Jian Council.
  9001 | D:3      | Found a glowing silver altar of Zin.
  9004 | D:3      | Found an ancient bone altar of Kikubaaqudgha.
  9287 | D:7      | Reached skill level 5 in Spellcasting
  9385 | D:7      | Noticed Joseph
  9485 | D:7      | Killed Joseph
  9610 | D:7      | Reached skill level 1 in Slings
  9610 | D:7      | Reached XP level 11. HP: 55/84 MP: 5/19
 10206 | D:8      | Reached ** piety under Dithmenos
 10258 | D:8      | Found an opulent altar of Gozag.
 10259 | D:8      | Found a sparkling altar of Nemelex Xobeh.
 10394 | D:8      | Noticed Pikel
 10404 | D:8      | Killed Pikel
 10689 | D:8      | Found a staircase to the Lair.
 10930 | D:9      | Reached *** piety under Dithmenos
 11058 | D:9      | Noticed a two-headed ogre
 11082 | D:9      | Killed a two-headed ogre
 11082 | D:9      | Reached skill level 5 in Fighting
 11092 | D:9      | Learned a level 5 spell: Lightning Bolt
 11094 | D:9      | Learned a level 1 spell: Animate Skeleton
 11286 | D:9      | Found a radiant altar of Vehumet.
 11479 | D:10     | Entered Level 10 of the Dungeon
 11632 | D:10     | Noticed a two-headed ogre
 11644 | D:9      | Reached skill level 5 in Slings
 11647 | D:9      | Killed a two-headed ogre
 11647 | D:9      | Reached XP level 12. HP: 47/94 MP: 20/23
 12002 | D:10     | Reached **** piety under Dithmenos
 12333 | D:10     | Found a runed door.
 12369 | D:10     | Learned a level 1 spell: Apportation
 12498 | D:10     | Found a runed door.
 12623 | D:10     | Found a sacrificial altar of Ru.
 12739 | D:11     | Reached skill level 1 in Shields
 12781 | D:11     | Reached skill level 2 in Shields
 12962 | D:11     | Reached skill level 3 in Shields
 13066 | D:11     | Noticed an unseen horror
 13077 | D:11     | Killed an unseen horror
 13077 | D:11     | Reached skill level 4 in Shields
 13265 | D:11     | Found a portal to a secret trove of treasure.
 13465 | D:11     | Reached ***** piety under Dithmenos
 13536 | D:11     | Found a staircase to the Orcish Mines.
 13555 | D:11     | Reached skill level 5 in Shields
 14161 | D:12     | Noticed a great orb of eyes
 14248 | D:12     | Killed a great orb of eyes
 14248 | D:12     | Reached skill level 6 in Shields
 14404 | D:12     | Noticed a skeletal warrior
 14405 | D:12     | Noticed a skeletal warrior
 14406 | D:12     | Noticed a skeletal warrior
 14437 | Orc:1    | Entered Level 1 of the Orcish Mines
 14549 | D:12     | Noticed M4edhros's ghost (journeyman TeAE)
 14597 | D:11     | Reached skill level 7 in Shields
 14649 | Lair:1   | Entered Level 1 of the Lair of Beasts
 14655 | Lair:1   | Reached XP level 13. HP: 96/102 MP: 19/25
 14767 | Lair:1   | Reached skill level 8 in Shields
 14872 | Lair:1   | Reached skill level 9 in Shields
 14958 | Lair:1   | Reached skill level 10 in Shields
 14993 | Lair:1   | Noticed Erica
 15003 | Lair:1   | Killed Erica
 15538 | Lair:1   | Reached skill level 11 in Shields
 15720 | Lair:2   | Noticed Prince Ribbit
 15729 | Lair:2   | Killed Prince Ribbit
 15850 | Lair:2   | Reached skill level 12 in Shields
 16379 | Lair:2   | Got a crude fustibalus
 16380 | Lair:2   | Identified the +3 fustibalus "Suatoe" {flame, +Fly Dex+5} (You found it on level 2 of the Lair of Beasts)
 16381 | Lair:2   | damn it, fustibalus but flame..
 16540 | Lair:3   | Reached skill level 13 in Shields
 16564 | Lair:3   | Noticed a five-headed hydra
 16570 | Lair:3   | Killed a five-headed hydra
 16602 | Lair:3   | Found a staircase to the Swamp.
 16690 | Lair:3   | Noticed luab's ghost (journeyman MiFi)
 16732 | Lair:3   | Killed luab's ghost
 16732 | Lair:3   | Reached ****** piety under Dithmenos
 16899 | Lair:3   | Found a staircase to the Snake Pit.
 16998 | Lair:3   | Reached XP level 14. HP: 108/108 MP: 17/26
 17002 | Lair:3   | Reached skill level 14 in Shields
 17232 | Lair:3   | Got a bronze leather armour
 17243 | Lair:3   | Identified the cursed +1 leather armour of Indecent Exposure {*Slow rF+++ MR++} (You found it on level 3 of the Lair of Beasts)
 17393 | Lair:4   | Slain by an elephant

Vault maps used:
D:1:      erik_arrival_orb_chamber, minmay_misc_feat_nine_boxes
D:2:      lemuel_upstairs_altar, grunt_ministairs_15
D:3:      cheibriados_altar_1, grunt_temple_overflow_diamond, first_bread,
          uniq_sigmund
D:4:      kennysheep_ying_yang, serial_shops, nicolae_shop_trees,
          serial_co_window_serial, co_window_paths_b, co_window_cross_1,
          co_window_of_opportunity_a, co_window_paths_b, co_window_corner_a,
          co_window_unsneaky_path_d, co_window_broadway_a, co_window_paths_c,
          co_window_2corner, co_window_corner_b, glass_columns_a,
          glass_columns_c, glass_columns_b
D:5:      lemuel_round_altar, nicolae_qazlal_style_of_elements,
          makhleb_altar_promises_db, serial_shops, nicolae_shop_waterfront,
          minivault_27
D:6:      serial_shops, shop, uniq_blork_the_orc
D:7:      cheibrodos_grave_circle, led_sif_book, minmay_temple_entry_nine_rooms,
          basic_altar, enter_ossuary_4, uniq_menkaure, uniq_joseph
D:8:      grunt_temple_overflow_opulence, erik_lair_orcish_takeover, uniq_pikel
D:9:      vehumet_altar_wand_db
D:10:     basic_altar, david_nohive_1, chequers_guarded_unrand_ignorance
D:11:     hiddenorc2_lemuel, trove_entry_hex_spiral, minmay_orc_keep
D:12:     lightli_corner_chamber
Temple:   jpeg_temple_island
Lair:1:   lemuel_fruit_tree, uniq_erica
Lair:2:   beast_lair_carwin_large_1, st_stairs_10, uniq_prince_ribbit2
Lair:3:   minmay_swamp_entry_reptiles, guppyfry_snake_entry_garden,
          wad_woods_06, serial_bayou_pond_d, kennysheep_basilisk_garden
Lair:4:   infiniplex_staircase_pool
Orc:1:    uniq_snorg
Ossuary:  ossuary_minmay_chase

Skill      XL: |  1  2  3  4  5  6  7  8  9 10 11 12 13 14 |
---------------+-------------------------------------------+-----
Conjurations   | 1 2 3 4 5 6 7 8 |  8.0
Air Magic      | 3 4 5 6 7 8 |  8.1
Dodging        | 3 5 7 8 |  8.4
Fighting       | 1 4 5 |  5.9
Spellcasting   | 5 7 8 |  8.0
Slings         | 1 5 8 |  8.5
Shields        | 7 13 14 | 14.4
Stealth        | |  2.4

Action                   |  1- 3 |  4- 6 |  7- 9 | 10-12 | 13-15 || total
-------------------------+-------+-------+-------+-------+-------++-------
Melee: Unarmed           |    85 |    43 |       |       |       ||   128
       Dagger            |       |     7 |       |       |       ||     7
       War axe           |       |       |    31 |   328 |    59 ||   418
       Halberd           |       |       |    16 |       |       ||    16
       Kick              |       |       |     7 |    16 |       ||    23
 Fire: Shortbow          |       |       |    57 |    19 |       ||    76
Throw: Stone             |       |       |     2 |       |       ||     2
 Cast: Shock             |    66 |    92 |   207 |   555 |   384 ||  1304
       Lightning Bolt    |       |       |       |     2 |     1 ||     3
       Apportation       |       |       |       |     2 |       ||     2
       Static Discharge  |       |       |       |       |     5 ||     5
 Abil: Dig               |       |     1 |       |       |     1 ||     2
       Shaft Self        |       |       |       |       |     1 ||     1
Evoke: Wand              |       |       |     7 |    23 |     3 ||    33
  Use: Potion            |       |     8 |     3 |     1 |     3 ||    15
       Scroll            |       |     3 |     7 |    10 |     4 ||    24
 Stab: Invisible         |       |     2 |       |       |       ||     2
       Sleeping          |       |       |       |     3 |       ||     3
       Paralysed         |       |       |       |    22 |       ||    22
       Petrified         |       |       |       |       |     3 ||     3
  Eat: Chunk             |     1 |     8 |    12 |    25 |     8 ||    54
       Royal jelly       |       |     1 |     1 |       |       ||     2
Armor: Robe              |    23 |     7 |     6 |       |       ||    36
       Leather armour    |       |       |    15 |    55 |    18 ||    88
       Troll leather arm |       |       |       |    38 |     9 ||    47
       Skin              |       |       |       |       |    89 ||    89
Dodge: Dodged            |    70 |    35 |   109 |   521 |    72 ||   807
Block: Other             |       |       |       |    78 |       ||    78
       Large shield      |       |       |       |   208 |   315 ||   523
